 Dungeon Crawl Stone Soup version 0.24.0-125-gc4c63601f3 (webtiles) character file.

Game seed: 18013085852014531691, levelgen mode: deterministic

674 Amplified the Magician (level 7, -2/53 HPs)
             Began as a Mummy Venom Mage on Feb 29, 2020.
             Was an Initiate of Gozag.
             Killed from afar by Ijyb (8 damage)
             ... with a puff of flame
             ... on level 4 of the Dungeon.
             The game lasted 00:07:30 (3754 turns).

Amplified the Magician (Mummy Venom Mage)           Turns: 3754, Time: 00:07:31

Health: -2/53      AC:  3    Str: 17    XL:     7   Next: 33%
Magic:  15/15      EV: 17    Int: 14    God:    Gozag
Gold:   110        SH:  0    Dex: 19    Spells: 14/17 levels left

rFire    . . .     SeeInvis .   d - +3 dagger (freeze)
rCold    + + .     Gourm    .   (no shield)
rNeg     + + +     Faith    .   a - +0 robe
rPois    ∞         Spirit   .   (no helmet)
rElec    +         Reflect  .   f - +0 cloak
rCorr    +         Harm     .   (no gloves)
MR       +....                  (no boots)
Stlth    ++++......             (no amulet)
HPRegen  0.17/turn              c - ring of protection from magic
MPRegen  0.14/turn              (no ring)

@: mighty, agile, resistant
A: no food or potions, fire vulnerability, cold resistance 1, negative energy
resistance 3, torment resistance, unbreathing
a: Potion Petition, Call Merchant, Bribe Branch, Renounce Religion


You were on level 4 of the Dungeon.
You worshipped Gozag.
Gozag was aware of your devotion.
You were not hungry.

You visited 2 branches of the dungeon, and saw 5 of its levels.

You collected 143 gold pieces.
You paid 33 gold pieces to Gozag.

Inventory:

Hand Weapons
 b - a +0 hunting sling
 d - a +3 dagger of freezing (weapon)
 g - a +1 dagger of venom
Armour
 a - a +0 robe (worn)
 f - a +0 cloak (worn)
Jewellery
 c - a ring of protection from magic (left hand)
Wands
 i - a wand of flame (4)
 j - a wand of random effects (11)
Scrolls
 e - 4 scrolls of identify
 h - 2 scrolls of remove curse
 k - a scroll of magic mapping


   Skills:
 * Level 3.9 Fighting
 * Level 3.0 Short Blades
 - Level 1.5 Dodging
 * Level 3.7 Stealth
 * Level 5.5 Spellcasting
 - Level 0.7 Conjurations
 - Level 2.4 Poison Magic


You had 14 spell levels left.
You knew the following spells:

 Your Spells              Type           Power        Failure   Level  Hunger
a - Sting                 Conj/Pois      #...         9%          1    N/A
b - Poisonous Vapours     Pois/Air       #.....       16%         2    N/A

Your spell library contained the following spells:

 Spells                   Type           Power        Failure   Level  Hunger
 Mephitic Cloud           Conj/Pois/Air  #.......     32%         3    N/A
 Olgreb's Toxic Radiance  Pois           ##......     52%         4    N/A
 Venom Bolt               Conj/Pois      #.........   94%         5    N/A

Dungeon Overview and Level Annotations

Branches:
Dungeon (4/15)             Temple (1/1) D:4

Altars:
Cheibriados
Dithmenos
Fedhas
Gozag
Hepliaklqana
Qazlal
Ru
Sif Muna
Trog
Uskayaw
Vehumet
Xom
Yredelemnul
Zin
The Shining One

Annotations:
D:4 Ijyb


Innate Abilities, Weirdness & Mutations

You do not eat or drink.
Your flesh is vulnerable to fire.
You are immune to poison.
Your flesh is cold resistant. (rC+)
You are immune to negative energy. (rN+++)
You are immune to unholy pain and torment.
You can survive without breathing.


Message History

Okay, then.
You can't drink.
Unknown command. [a] - 0 gold - resistance, might, agility, curing and magic [b] - 0 gold - heal wounds and magic [c] - 0 gold - haste and resistance Purchase which effect?
You feel protected.
You feel very mighty all of a sudden.
You feel agile all of a sudden.
You feel better. Magic courses through your body.
Ijyb zaps a wand.
The puff of flame hits you!
* * * LOW HITPOINT WARNING * * *
Ijyb zaps a wand.
The puff of flame hits you!
* * * LOW HITPOINT WARNING * * *
Unknown command.
You hit Ijyb. You freeze Ijyb.
Ijyb is heavily wounded.
Ijyb zaps a wand.
The puff of flame hits you!
You die...
Your body crumbles into a pile of gold.

#. #. .. #. #§
#§### #§§§#
####### ###g#
#.....# #@#
#.....#
#####§###.....#
#..<§§§.......#
#.#.#.#.......#
#.....#..##.###
#........>..#
#....##..####
########
#........####
###......#
###..###......#


You could see Ijyb.

Vanquished Creatures
  Sigmund (D:2)
  A phantom (D:4)
  2 ogres (D:4)
  A scorpion (D:4)
  A worker ant (D:4)
  A hound skeleton (D:4)
  7 adders
  3 gnolls (D:4)
  2 oozes
  An adder skeleton (D:4)
  A worm (D:3)
  3 dart slugs
  A leopard gecko (D:3)
  2 orcs
  2 ball pythons (D:1)
  4 giant cockroaches
  8 hobgoblins
  3 jackals (D:2)
  8 kobolds
  A quokka (D:3)
  10 bats
  7 frilled lizards
  A jackal skeleton (D:4)
  A leopard gecko skeleton (D:4)
  A quokka skeleton (D:4)
  6 rats
79 creatures vanquished.

Notes
Turn   | Place    | Note
-------+----------+-------------------------------------------
     0 | D:1      | Amplified the Mummy Venom Mage began the quest for the Orb.
     0 | D:1      | Reached XP level 1. HP: 13/13 MP: 4/4
   247 | D:1      | Reached skill level 3 in Spellcasting
   520 | D:1      | Reached skill level 1 in Fighting
   520 | D:1      | Reached XP level 2. HP: 20/21 MP: 4/6
   526 | D:1      | Learned a level 2 spell: Poisonous Vapours
   891 | D:1      | Reached XP level 3. HP: 26/26 MP: 3/7
  1189 | D:2      | Reached skill level 1 in Short Blades
  1241 | D:2      | Found a sacrificial altar of Ru.
  1519 | D:2      | Noticed a +0 hand axe
  1520 | D:2      | Found a hide-covered altar of Uskayaw.
  1520 | D:2      | Noticed a +0 hand axe
  1546 | D:2      | Noticed Sigmund
  1857 | D:3      | Reached XP level 4. HP: 32/33 MP: 4/9
  2507 | D:2      | Killed Sigmund
  2507 | D:2      | Reached skill level 4 in Spellcasting
  2507 | D:2      | Reached XP level 5. HP: 39/40 MP: 5/11
  2507 | D:2      | Reached XP level 6. HP: 45/46 MP: 5/12
  3196 | D:4      | Reached skill level 5 in Spellcasting
  3289 | D:4      | Reached XP level 7. HP: 39/52 MP: 3/14
  3417 | D:4      | Found a staircase to the Ecumenical Temple.
  3425 | Temple   | Entered the Ecumenical Temple
  3565 | Temple   | Became a worshipper of Gozag Ym Sagoz the Greedy
  3743 | D:4      | Noticed Ijyb
  3754 | D:4      | Killed from afar by Ijyb

Levels and vault maps discovered:
D:1:      psy_arrival_fountain, layout_loops_corners, kennysheep_doodads
D:2:      layout_loops_ring, dancing_weapons_uskayaw, hangedman_ru_absence,
          st_stairs_10, uniq_sigmund
D:3:      layout_basic
D:4:      layout_loops_cross, minmay_temple_entry_mist, uniq_ijyb,
          uniq_crazy_yiuf_cottage
Temple:   dshaligram_water_room_temple

Skill      XL: |  1  2  3  4  5  6  7 |
---------------+----------------------+-----
Spellcasting   | 3 4 5 |  5.5
Fighting       | 1 2 3 |  3.9
Short Blades   | 1 2 3 |  3.0
Stealth        | 2 3 |  3.7
Dodging        | |  1.5
Conjurations   | |  0.7
Poison Magic   | |  2.4

Action                   |  1- 3 |  4- 6 |  7- 9 || total
-------------------------+-------+-------+-------++-------
Melee: Unarmed           |     8 |       |       ||     8
       Dagger            |    77 |    52 |    33 ||   162
 Cast: Sting             |    12 |       |       ||    12
       Poisonous Vapours |    18 |    24 |     5 ||    47
Invok: Potion Petition   |       |       |     1 ||     1
Evoke: Wand              |       |    12 |     4 ||    16
  Use: Scroll            |     5 |     3 |     1 ||     9
 Stab: Sleeping          |     3 |     5 |       ||     8
Armor: Robe              |    33 |    15 |     4 ||    52
Dodge: Dodged            |    59 |    52 |    12 ||   123
